woodfighter, chaotic female elven Rogue ---------------- -------- |..............| |......| |..............| ##..`.<...# |..............| # |......|############...`....>..*...| ### |......|# -.---------.---- # --------# ########### ### ########` # # # # ############ # ### # ---------.------ # # ###########...............| # ### # |........_.....| # # |..............| --- ----------### +..............- |..\..(f......# ---------------- |oGohhh@%%%d.| -------------- woodfighter the Cutpurse Experience level: 5 Strength: 16 Dexterity: 15 Constitution: 12 Intelligence: 15 Wisdom: 10 Charisma: 9 Health: 0(32) Energy: 27(27) Def: 4 Gold: 197 Moves: 3168 Dungeon seed: 8Z8rLyTvY2hz81aM Game ID: woodfighter_1515278778 Your Inventory: Coins $ - 197 gold pieces Weapons a - a +0 elven short sword (weapon in hand) b - 14 +0 elven daggers (in quiver) Armor e - a blessed +1 leather armor (being worn) n - an uncursed +0 Hawaiian shirt q - an uncursed +0 Hawaiian shirt (being worn) Y - an uncursed +0 elven leather helm (being worn) Comestibles v - 4 uncursed tripe rations I - an uncursed cream pie K - an uncursed magic bean Z - an uncursed food ration Scrolls f - a cursed scroll of teleportation U - an uncursed scroll of gold detection X - an uncursed scroll of light Potions V - 3 uncursed potions of hallucination Wands h - a wand of magic missile (0:3) Tools g - an uncursed blindfold s - an uncursed sack w - a magic marker (0:76) y - an uncursed lock pick R - an uncursed magic lamp Contents of the sack: 13 gold pieces a cursed [-1] oilskin cloak a cursed [-1] pair of levitation boots 3 uncursed scrolls of enchant armor a cursed scroll of enchant armor 2 uncursed scrolls of scare monster an uncursed scroll of teleportation an uncursed scroll of water 2 uncursed potions of extra healing a blessed potion of gain level an uncursed potion of healing an uncursed potion of levitation an uncursed potion of sickness an uncursed potion of water a wand of opening (0:3) Spells and supernatural/magical abilities: Name Level Category Fail Memory W - pray for help -- divine ? -- Your skills at the end: Miscellaneous Skills wands [Basic] Weapon Skills dagger [Basic] short sword [Basic] Spellcasting Skills Final Attributes: You were piously aligned. You were sleep resistant. You had infravision. You were stealthy. You are dead. Vanquished creatures: 2 rock piercers 2 gnome lords a gnomish wizard a ghoul a giant ant an iguana 2 giant bats a monkey a coyote 2 acid blobs a large kobold 3 geckos a hobgoblin 4 cave spiders a yellow mold a red mold a gnome a gnome zombie 5 jackals a fox 7 newts 2 goblins 3 sewer rats 2 grid bugs 3 lichens a kobold zombie 51 creatures vanquished. Voluntary challenges: You did not adorn yourself with jewelry or accessories. You did not cause conflict. You were not invisible. You did not have reflection. You were not displaced. You used a wielded weapon 58 times, starting on turn 87. You did not apply a unicorn horn. You did not use plumbed fixtures. You did not drink any magical draughts. You were illiterate. You never genocided any monsters. You never polymorphed an object. You never changed form. You used no wishes. You never split a pudding. You never wrote Elbereth's name. You never violated your personal moral code. Dungeon overview: The Dungeons of Doom: levels 1 to 8 Level 1 a fountain a long staircase Level 2 a delicatessen Level 3 an armor shop, an altar to Kos stairs to The Gnomish Mines Level 4 (vault) Level 5 a general store, a sink Level 6 many fountains Level 7 <- You were here an altar to Kos, a throne Level 8 a fountain The Gnomish Mines: Level 4 stairs to The Dungeons of Doom History has recorded: On T:1 you entered the Dungeons of Doom to retrieve the Amulet of Yendor! On T:558 you reached level 2 of The Dungeons of Doom. On T:615 you reached level 3 of The Dungeons of Doom. On T:861 you advanced to experience level 2. On T:1379 you reached level 4 of The Dungeons of Doom. On T:1381 you advanced to experience level 3. On T:1414 you reached level 1 of The Gnomish Mines. On T:2078 you reached level 5 of The Dungeons of Doom. On T:2100 you reached level 6 of The Dungeons of Doom. On T:2345 you advanced to experience level 4. On T:2878 you reached level 7 of The Dungeons of Doom. On T:3058 you reached level 8 of The Dungeons of Doom. On T:3160 you advanced to experience level 5. Score breakdown: Gold: 210 ( 21 points) Experience: 5 levels ( 400 points) Exploration: 8 levels ( 210 points) Discoveries: 18 items ( 900 points) Variety of kills: 26 monsters ( 1300 points) Major goal: (nothing yet) ( 0 points) Survival: died (score multiplied by 3) Total score: 8493 Latest messages: Kitty bites the gnome lord. The gnome lord is killed! You see here a gnome lord corpse. The gnome lord zaps an oak wand! The magic missile hits you! The magic missile hits the puppy. Kitty bites the gnome lord. The gnome lord misses kitty. You stab the gnome lord! Kitty misses the gnome lord. The gnome lord zaps a wand of magic missile! The magic missile hits you! Elf is about to die. The magic missile hits the puppy. The magic missile bounces! The magic missile misses the puppy. You stab the gnome lord. Kitty bites the gnome lord. The gnome lord misses kitty. Kitty misses the gnome lord. You kill the gnome lord! The bugbear drinks a smoky potion! The bugbear is suddenly moving faster. h - a wand of magic missile. Kitty misses the bugbear. The bugbear punches you! You die... Final status: Goodbye woodfighter the Rogue, killed by a bugbear... You died in The Dungeons of Doom on dungeon level 7 with 8493 points, and 210 pieces of gold, after 3168 moves. You were level 5 with a maximum of 32 hit points when you died.